 Dungeon Crawl Stone Soup version 0.17-a0-1838-g891d947 (webtiles) character file.

99 ololoev the Conjurer (level 4, -7/36 HPs)
             Began as a Draconian Conjurer on Sept 15, 2015.
             Killed from afar by ololoev's ghost (9 damage)
             ... with a magic dart
             ... on level 3 of the Dungeon.
             The game lasted 00:05:46 (2089 turns).

ololoev the Conjurer (Draconian Conjurer)           Turns: 2089, Time: 00:05:47

Health: -7/36      AC: 10    Str: 11    XL:     4   Next: 45%
Magic:  2/8        EV: 17    Int: 21    God:
Gold:   62         SH:  0    Dex: 16    Spells: 2 memorised, 6 levels left

rFire  + . .     SeeInvis .     q - +1 short sword (protect)
rCold  + . .     Clarity  .     (armour unavailable)
rNeg   . . .     SustAt   .     (no shield)
rPois  +         Gourm    .     (helmet restricted)
rElec  +         Spirit   .     (no cloak)
rCorr  +         Warding  .     (no gloves)
rMut   .         Stasis   .     (no boots)
MR     .....                    (no amulet)
Stlth  +++.......               (no ring)
                                (no ring)

@: brilliant, agile, resistant, slowed, very slow, not resistant to hostile
enchantments, fairly stealthy
A: unfitting armour, antennae 1, big wings, robust 1, cold-blooded, AC +5
a: Fly


Innate Abilities, Weirdness & Mutations

Your plain brown scales are hard (AC +5).
Your body does not fit into most forms of armour.
You are cold-blooded and may be slowed by cold attacks.
You have a pair of small antennae on your head.
Your large and strong wings let you fly indefinitely.
You are robust (+10% HP).

Inventory:

Hand weapons
 q - a +1 short sword of protection (weapon)
Jewellery
 t - an uncursed ring of ice
Magical devices
 r - a wand of confusion (25)
Scrolls
 g - a scroll of fear {unknown}
 o - a scroll of magic mapping {unknown}
 p - a scroll of identify {unknown}
 s - a scroll of enchant armour {unknown}
 u - a scroll of recharging {unknown}
 v - a scroll of remove curse {unknown}
Potions
 i - a potion of invisibility {unknown}
 k - a potion of mutation
 m - a potion of might {unknown}
Books
 a - a book of Conjurations

   Spells                             Type                      Level
   a - Magic Dart                     Conjuration                  1
   b - Searing Ray                    Conjuration                  2
   c - Dazzling Spray                 Conjuration/Hexes            3
   d - Fulminant Prism                Conjuration/Hexes            4
   e - Iskenderun's Mystic Blast      Conjuration                  4
   f - Iskenderun's Battlesphere      Conjuration/Charms           5
 l - a book of the Tempests

   Spells                             Type                      Level
   a - Static Discharge               Conjuration/Air              3
   b - Lightning Bolt                 Conjuration/Air              5
   c - Fireball                       Conjuration/Fire             5
   d - Tornado                        Air                          9
   e - Shatter                        Earth                        9
Comestibles
 b - 2 bread rations
 d - 2 beef jerkies
 h - a royal jelly
 n - 8 chunks of flesh


   Skills:
 - Level 1.7 Dodging
 - Level 1.7 Stealth
 + Level 3.1 Spellcasting
 * Level 5.2 Conjurations


You had 6 spell levels left.
You knew the following spells:

 Your Spells              Type           Power        Failure   Level  Hunger
a - Magic Dart            Conj           ####         1%          1    None
b - Searing Ray           Conj           #####.       1%          2    ##.....


You were on level 3 of the Dungeon.
You were not hungry.

You visited 1 branch of the dungeon, and saw 3 of its levels.

You collected 62 gold pieces.

##################o
#..@.).)..(......oo
##W#########W#.####o
##..{########.# #
#.....†.....#.#
#....#####<...#
#.#.## #....# #...#
####....#####
#.#####........... .
#.# ##..).......# ..

Notes
Turn   | Place    | Note
--------------------------------------------------------------
     0 | D:1      | ololoev the Draconian Conjurer began the quest for the Orb.
     0 | D:1      | Reached XP level 1. HP: 14/14 MP: 3/3
   387 | D:1      | Reached XP level 2. HP: 20/20 MP: 1/5
   391 | D:1      | Learned a level 2 spell: Searing Ray
  1268 | D:2      | Reached XP level 3. HP: 20/26 MP: 0/6
  1374 | D:2      | Found an iron altar of Okawaru.
  1553 | D:2      | Reached skill level 5 in Conjurations
  1855 | D:3      | Reached XP level 4. HP: 33/33 MP: 3/8
  2061 | D:3      | Noticed ololoev's ghost (average DrCj)
  2075 | D:3      | Gained mutation: You are robust (+10% HP). [potion of mutation]
  2075 | D:3      | Gained mutation: You have a pair of small antennae on your head. [potion of mutation]
  2075 | D:3      | Gained mutation: Your large and strong wings let you fly indefinitely. [potion of mutation]
  2089 | D:3      | Killed from afar by ololoev's ghost

Dungeon Overview and Level Annotations

Branches:
Dungeon (3/15)

Altars:
Okawaru

Annotations:
D:3 ololoev's ghost, average DrCj


Message History

The orc barely misses you.
The orc wizard hits you but does no damage.
The orc closely misses you.
The orc wizard hits you but does no damage.
Drink which item? (? for menu, Esc to quit)
It was a potion of agility.
You feel agile all of a sudden. The orc wizard closely misses you.
The orc misses you. The orc wizard completely misses you.
Drink which item? (? for menu, Esc to quit)
It was a potion of brilliance.
You feel clever all of a sudden.
The orc wizard hits you but does no damage.
The orc barely misses you.
The orc wizard hits you but does no damage.
The orc barely misses you.
You hit the orc. You tail-slap the orc.
The orc is severely wounded.
The orc wizard points at you and mumbles some strange words.
The magic dart hits you!
The orc wizard hits you but does no damage.
The orc hits you but does no damage.
You hit the orc but do no damage.
The orc is severely wounded.
The orc wizard misses you. The orc hits you. The orc wizard closely misses you.
The orc barely misses you. The orc wizard closely misses you.
You barely miss the orc.
The orc is severely wounded.
The orc wizard hits you but does no damage.
The orc misses you.
The orc wizard casts a spell.
The orc wizard blinks!
The orc misses you.
You hit the orc.
You kill the orc!
Ololoev's ghost points at you and mumbles some strange words.
The magic dart hits you! Ololoev's ghost misses you.
Ololoev's ghost whispers, "Trust me.
Just give in."
Ololoev's ghost gestures at you while chanting.
The magic dart hits you!
You die...

You could see ololoev's ghost.

Vanquished Creatures
  3 adders
  A worm (D:2)
  3 giant geckos (D:2)
  6 orcs (D:3)
  A ball python (D:3)
  7 bats
  3 goblins
  2 hobgoblins
  8 jackals
  2 quokkas
  A giant cockroach (D:1)
  A giant newt (D:3)
  11 kobolds
  5 rats
54 creatures vanquished.

Action                   |  1- 3 |  4- 6 || total
-------------------------+-------+-------++-------
Melee: Unarmed           |    22 |       ||    22
       Short sword       |       |    31 ||    31
 Cast: Magic Dart        |    45 |     5 ||    50
       Searing Ray       |     8 |     4 ||    12
  Use: Potion            |       |     7 ||     7
 Stab: Sleeping          |     1 |       ||     1
  Eat: Chunk             |     4 |     1 ||     5

Vault maps used:
D:1:      dpeg_arrival_another_circle
D:2:      lemuel_round_altar, hangedman_abyss_or_decor_stabs
D:3:      nicolae_gozag_cash_rules_everything_around_me,
          grunt_temple_overflow_open
